 Dungeon Crawl Stone Soup version 0.21-a0-634-gaf8bc5d (webtiles) character file.

107 shenanigans the Skirmisher (level 4, 0/35 HPs)
             Began as a Barachi Skald on Dec 29, 2017.
             Succumbed to a kobold's poison
             ... on level 3 of the Dungeon.
             The game lasted 00:04:11 (2486 turns).

shenanigans the Skirmisher (Barachi Skald)          Turns: 2486, Time: 00:04:11

Health: 0/35       AC:  5    Str: 12    XL:     4   Next: 85%
Magic:  7/7        EV: 11    Int: 14    God:
Gold:   104        SH:  0    Dex: 12    Spells: 6/7 levels left

rFire    . . .     SeeInvis .   a - +0 hand axe
rCold    . . .     Gourm    .   (no shield)
rNeg     . . .     Faith    .   e - +0 ring mail
rPois    .         Spirit   .   (no helmet)
rElec    .         Reflect  .   (no cloak)
rCorr    .         Harm     .   (no gloves)
MR       .....                  (no boots)
Stlth    +.........             (no amulet)
HPRegen  0.11/turn              (no ring)
MPRegen  0.10/turn              (no ring)

@: lethally poisoned (0 -> -5), slow
A: +LOS, swims, slowness 1, strong legs 1
a: Hop


You were on level 3 of the Dungeon.
You were not hungry.

You visited 1 branch of the dungeon, and saw 3 of its levels.

You collected 104 gold pieces.

Inventory:

Hand Weapons
 a - a +0 hand axe (weapon)
Armour
 b - a +0 leather armour
 e - a +0 ring mail (worn)
Scrolls
 f - 2 scrolls of identify {unknown}
 g - a scroll of remove curse {unknown}
 h - a scroll of enchant weapon {unknown}
 j - a scroll of random uselessness {unknown}
 l - a scroll of noise {unknown}
Books
 c - a book of Battle

   Spells                             Type                      Level
   a - Infusion                       Charms                       1
   b - Shroud of Golubria             Charms/Translocation         2
   c - Song of Slaying                Charms                       2
   d - Spectral Weapon                Hexes/Charms                 3
   e - Regeneration                   Charms/Necromancy            3
Comestibles
 d - 4 rations


   Skills:
 + Level 3.5 Fighting
 + Level 3.2 Axes
 + Level 2.7 Armour
 + Level 3.3 Dodging
 - Level 2.1 Spellcasting
 - Level 3.2 Charms


You had 6 spell levels left.
You knew the following spells:

 Your Spells              Type           Power        Failure   Level  Hunger
a - Infusion              Chrm           ##..         13%         1    #......


Dungeon Overview and Level Annotations

Branches:
Dungeon (3/15)

Altars:


Innate Abilities, Weirdness & Mutations

Shadows flee at your approach. (+LOS)
You can swim through water.
You cover ground slowly.
You can hop short distances.


Message History

You feel sick.
* * * LOW HITPOINT WARNING * * *
You feel sick.
* * * LOW HITPOINT WARNING * * *
You feel sick.
* * * LOW HITPOINT WARNING * * *
You feel sick.
* * * LOW HITPOINT WARNING * * *
You feel sick.
It was a potion of lignification.
You turn into a tree.
Your +0 ring mail melds into your body.
Your roots penetrate the ground.
* * * LOW HITPOINT WARNING * * *
You feel sick.
Sorry, you're not good enough to have a special ability.
Okay, then.
Your magical effects are unravelling.
You feel magically purged.
You feel less wooden.
Your +0 ring mail unmelds from your body.
You die...

...#(#
##..#w#
...#.#
###.#.#
#.#K#
#.#.#
#.#w#
#.# #@#
#.# ###
#.# #<#
#.####)#
#......#
########


You could see 2 worms and a kobold.

Vanquished Creatures
  4 adders (D:2)
  3 oozes
  2 dart slugs
  2 leopard geckos
  3 giant cockroaches
  5 goblins
  8 hobgoblins
  9 kobolds
  A quokka (D:2)
  5 bats
  4 frilled lizards
  7 rats
53 creatures vanquished.

Notes
Turn   | Place    | Note
-------+----------+-------------------------------------------
     0 | D:1      | shenanigans the Barachi Skald began the quest for the Orb.
     0 | D:1      | Reached XP level 1. HP: 17/17 MP: 3/3
   463 | D:1      | Reached XP level 2. HP: 23/23 MP: 5/5
   688 | D:1      | Reached XP level 3. HP: 25/28 MP: 6/6
  1386 | D:2      | Reached XP level 4. HP: 18/35 MP: 1/7
  2484 | D:3      | HP: 2/52 [poisoned by a kobold]
  2486 | D:3      | Succumbed to a kobold's poison

Vault maps used:
D:1:      minmay_arrival_open_corners, minmay_misc_feat_nine_boxes, st_stairs_6
D:3:      lemuel_crystal_altar, first_ration, nemelex_lonely_heart_becter,
          uniq_robin

Skill      XL: |  1  2  3 |
---------------+----------+-----
Armour         | 2 |  2.7
Fighting       | 3 |  3.5
Dodging        | 3 |  3.3
Axes           | 3 |  3.2
Spellcasting   | |  2.1
Charms         | |  3.2

Action                   |  1- 3 |  4- 6 || total
-------------------------+-------+-------++-------
Melee: Hand axe          |   126 |    85 ||   211
 Cast: Infusion          |     2 |     2 ||     4
  Use: Potion            |       |     3 ||     3
  Eat: Chunk             |     2 |     4 ||     6
Armor: Leather armour    |    12 |       ||    12
       Ring mail         |    40 |    28 ||    68
Dodge: Dodged            |    76 |    61 ||   137

Table legend:
 A = Spawn XP
 B = Non-spawn XP
 C = Spawn XP percentage of total XP
 D = Spawn monster count
 E = Non-spawn monster count
 F = Spawn count percentage of total count
 G = Total turns spent on level
                    A         B        C        D         E        F      G
               +---------+---------+-------+---------+---------+-------+---------
         Total |       0 |     153 |   0.0 |       0 |      53 |   0.0 |  2486
               +---------+---------+-------+---------+---------+-------+---------
           D:1 |       0 |      54 |   0.0 |       0 |      25 |   0.0 |  1264
           D:2 |       0 |      92 |   0.0 |       0 |      27 |   0.0 |  1168
           D:3 |       0 |       7 |   0.0 |       0 |       1 |   0.0 |    54
               +---------+---------+-------+---------+---------+-------+---------
